Map: Ruins of Seras

Players

NightEnD

  • Race: Protoss Protoss
  • League: Grandmaster

LiquidTLO (TLO) - Winner!

  • Race: Zerg Zerg
  • League: Grandmaster

Event: Homestory Cup XII

VOD

Have the link to the VOD?

Description

Time

  • Played on: Dec. 17, 2015, 5:09 p.m.
  • Length: 21:14

All games in this series

Show
View Real Time Build Order
Export as new Build Order

NightEnD Protoss 

Build Orders: 1 Gate Expand, Phoenix Opening, Zealot Archon 

Get SALT Encoding   

  12  0:01  Probe (Chrono Boost)  
  13  0:11  Probe (Chrono Boost)  
  14  0:25  Pylon  
  14  0:26  Probe (Chrono Boost)  
  15  0:43  Probe (Chrono Boost)  
  15  0:45  Gateway  
  16  0:54  Probe (Chrono Boost)  
  17  0:57  Assimilator  
  17  1:05  Probe (Chrono Boost)  
  18  1:15  Probe (Chrono Boost)  
  19  1:26  Probe (Chrono Boost)  
  20  1:33  Nexus  
  20  1:36  Probe (Chrono Boost)  
  22  1:47  Probe (Chrono Boost)  
  22  1:53  Pylon  
  22  1:57  Probe (Chrono Boost)  
  22  1:59  Cybernetics Core  
  23  2:08  Assimilator  
  23  2:12  Probe (Chrono Boost)  
  24  2:16  Zealot  
  24  2:22  Probe (Chrono Boost)  
  27  2:33  Probe (Chrono Boost)  
  27  2:36  Warp Gate  
  28  2:43  Probe (Chrono Boost)  
  29  2:45  Probe (Chrono Boost)  
  30  2:51  Stargate  
  30  2:54  Probe (Chrono Boost)  
  30  2:56  Probe (Chrono Boost), Adept  
  34  3:04  Probe (Chrono Boost)  
  35  3:06  Probe (Chrono Boost)  
  36  3:15  Probe (Chrono Boost)  
  36  3:17  Probe (Chrono Boost)  
  38  3:23  Pylon  
  38  3:25  Probe (Chrono Boost)  
  39  3:27  Probe (Chrono Boost)  
  40  3:34  Phoenix  
  40  3:36  Probe (Chrono Boost)  
  40  3:38  Gateway, Probe (Chrono Boost)  
  44  3:44  Gateway  
  44  3:47  Pylon  
  45  3:48  Probe (Chrono Boost)  
  45  3:51  Mothership Core (Chrono Boost)  
  45  3:54  Adept  
  49  3:59  Probe (Chrono Boost), Phoenix  
  52  4:09  Probe x2 (Chrono Boost), Assimilator  
  54  4:10  Assimilator  
  54  4:19  Probe (Chrono Boost), Forge  
  54  4:20  Probe (Chrono Boost)  
  54  4:21  Twilight Council  
  56  4:30  Probe (Chrono Boost)  
  57  4:32  Phoenix  
  57  4:33  Probe (Chrono Boost)  
  60  4:40  Probe (Chrono Boost)  
  60  4:42  Protoss Ground Weapons Level 1  
  61  4:46  Pylon  
  61  4:49  Probe (Chrono Boost), Pylon  
  62  5:03  Charge (Chrono Boost)  
  62  5:06  Probe x2  
  64  5:10  Nexus  
  64  5:12  Pylon x2  
  64  5:18  Zealot x2  
  64  5:20  Probe x2  
  70  5:24  Zealot  
  72  5:31  Phoenix  
  72  5:33  Pylon  
  74  5:36  Probe x2  
  76  5:48  Probe x2  
  78  6:00  Probe x2  
  78  6:03  Zealot  
  78  6:04  Gateway x2  
  82  6:06  Zealot x2  
  82  6:08  Gateway  
  82  6:11  Templar Archives  
  86  6:15  Robotics Facility  
  86  6:29  Zealot x3  
  92  6:39  Probe x3  
  94  6:42  Pylon  
  94  6:43  Protoss Ground Weapons Level 2  
  94  6:44  Pylon  
  95  6:49  Blink (Chrono Boost)  
  95  6:51  Probe  
  95  6:54  Zealot x3  
  98  6:59  Probe x2  
  104  7:03  Probe, Observer (Chrono Boost)  
  106  7:10  Zealot, High Templar x2  
  112  7:17  Gateway x2, Archon  
  112  7:18  High Templar  
  112  7:19  Gateway, High Templar  
  112  7:22  Gateway  
  116  7:28  Zealot, Archon  
  118  7:35  Warp Prism (Chrono Boost)  
  118  7:49  Zealot x4  
  126  7:53  Photon Cannon  
  126  7:55  Assimilator  
  126  7:57  Assimilator  
  126  8:00  Pylon  
  126  8:01  Pylon  
  126  8:14  Zealot x3  
  132  8:21  Pylon x2  
  132  8:24  Pylon x2  
  132  8:25  Observer (Chrono Boost), Robotics Facility  
  132  8:26  Robotics Bay  
  133  8:28  Pylon  
  129  8:37  Zealot x6  
  129  8:38  Zealot  
  133  8:43  Zealot x3  
  135  9:18  Disruptor x2 (Chrono Boost)  
  135  9:22  Zealot x2  
  135  9:23  Zealot x2, High Templar x4  
  135  9:24  Zealot x2  
  149  9:26  Archon  
  149  9:27  Archon  
  114  9:43  Zealot x2  
  114  9:44  Zealot x4  
  95  10:03  Disruptor x2 (Chrono Boost)  
  95  10:06  Pylon x2  
  101  10:07  Zealot x3  
  101  10:08  Zealot x4  
  101  10:09  Pylon  
  90  10:32  Zealot  
  90  10:33  Zealot x6  
  90  10:35  Observer x2 (Chrono Boost)  
  100  10:45  Zealot x2  
  97  10:53  Observer (Chrono Boost)  
  97  10:55  Observer (Chrono Boost), Zealot x2  
  97  10:56  Zealot x5  
  94  11:11  Nexus  
  94  11:17  Zealot  
  94  11:18  Zealot x4  
  105  11:19  Zealot x3  
  97  11:34  Nexus  
  91  11:40  High Templar x2  
  91  11:41  High Templar x4  
  91  11:42  Zealot x2  
  91  11:45  Archon x2  
  91  11:46  Warp Prism (Chrono Boost), Archon  
  107  11:49  Mothership Core  
  111  11:55  Gravitic Drive (Chrono Boost)  
  108  12:16  Zealot x6  
  120  12:32  High Templar x2  
  120  12:36  Archon  
  121  12:45  High Templar x2  
  121  12:46  Zealot x4  
  133  12:54  Archon  
  133  13:06  Disruptor  
  133  13:10  Disruptor, Zealot  
  141  13:26  Zealot x2  
  141  13:27  Zealot x3  
  151  13:36  Zealot x3  
  157  13:43  Pylon  
  157  13:47  Pylon  
  157  13:49  Observer  
  156  13:58  Zealot x2  
  150  14:13  High Templar  
  150  14:14  Zealot x2, High Templar x3  
  162  14:18  Archon x2  
  162  14:33  Zealot  
  164  14:40  Immortal x2 (Chrono Boost)  
  172  14:47  Pylon  
  170  15:06  Pylon  
  172  15:15  Immortal x2 (Chrono Boost)  
  172  15:21  High Templar x2  
  180  15:38  Nexus  
  180  15:39  Archon  
  180  15:58  High Templar x2  
  180  16:03  Archon  
  140  16:41  Zealot, High Templar x2  
  140  16:42  Zealot x5  
  140  16:46  Archon  
  152  17:06  Zealot x3  
  152  17:07  Zealot x3  
  90  17:38  Zealot x2  
  90  17:39  Zealot x5  
  104  17:44  Warp Prism (Chrono Boost)  
  104  17:46  Mothership Core (Chrono Boost)  
  108  18:02  Zealot x2  
  108  18:04  Zealot  
  114  18:17  Zealot x2  
  117  18:24  Zealot  
  117  18:34  Zealot  
  89  19:57  Zealot  
Show
View Real Time Build Order
Export as new Build Order

LiquidTLO Zerg - Winner!

Build Orders: Hatch First, Lurkers 

Get SALT Encoding   

  12  0:00  Drone  
  13  0:13  Overlord  
  13  0:18  Drone  
  14  0:31  Drone x2  
  16  0:36  Drone  
  17  0:53  Hatchery  
  17  0:56  Drone  
  17  1:01  Drone  
  18  1:12  Spawning Pool  
  18  1:16  Drone  
  18  1:36  Hatchery  
  18  1:39  Drone  
  18  1:43  Drone  
  18  1:45  Drone  
  20  1:59  Queen  
  22  2:04  Queen  
  22  2:08  Zergling x2  
  25  2:10  Drone  
  25  2:14  Overlord  
  26  2:18  Drone  
  26  2:21  Drone  
  28  2:34  Drone x3  
  28  2:36  Queen  
  33  2:43  Queen  
  35  2:49  Queen  
  37  2:54  Overlord  
  37  2:57  Drone  
  38  2:59  Drone  
  39  3:06  Drone  
  39  3:08  Overlord  
  39  3:09  Zergling x2  
  40  3:13  Drone  
  40  3:14  Drone  
  40  3:15  Drone  
  40  3:17  Drone  
  40  3:18  Drone  
  40  3:19  Drone  
  46  3:21  Extractor  
  46  3:23  Drone  
  46  3:24  Extractor  
  45  3:28  Drone  
  45  3:30  Drone  
  45  3:31  Drone  
  45  3:33  Drone  
  49  3:37  Drone  
  50  3:45  Drone  
  50  3:46  Overlord  
  50  3:47  Drone  
  52  3:50  Drone x2  
  52  3:52  Drone  
  52  3:55  Drone x2  
  57  4:00  Overlord  
  57  4:04  Spore Crawler  
  57  4:09  Drone, Extractor  
  56  4:10  Drone, Extractor  
  56  4:11  Metabolic Boost  
  56  4:12  Overlord  
  56  4:14  Drone  
  56  4:15  Drone x3  
  60  4:18  Drone  
  60  4:22  Overlord  
  60  4:23  Drone  
  62  4:26  Overlord  
  62  4:27  Lair  
  62  4:28  Drone  
  62  4:29  Drone x2  
  62  4:30  Drone  
  66  4:31  Drone  
  66  4:33  Drone, Extractor  
  66  4:34  Drone  
  68  4:39  Zergling x6  
  68  4:40  Zergling x2  
  72  4:48  Spore Crawler  
  72  4:51  Spore Crawler, Drone  
  72  4:52  Drone, Spore Crawler, Zergling x2, Extractor  
  72  4:54  Drone  
  72  4:56  Drone  
  72  4:57  Drone  
  72  4:59  Drone x2  
  75  5:03  Drone  
  75  5:04  Drone x2  
  75  5:06  Zergling x2  
  75  5:07  Zergling x6  
  80  5:08  Drone  
  80  5:12  Drone  
  84  5:16  Overlord  
  84  5:24  Drone  
  84  5:26  Hydralisk Den  
  84  5:27  Drone x2, Infestation Pit  
  85  5:29  Drone  
  85  5:30  Drone x2  
  85  5:33  Evolution Chamber  
  85  5:34  Evolution Chamber  
  85  5:35  Drone x2  
  87  5:37  Overlord  
  87  5:39  Overlord  
  87  5:40  Overlord  
  87  5:42  Drone  
  85  5:53  Drone  
  85  5:54  Lurker Den  
  85  5:56  Hydralisk  
  85  5:57  Hydralisk  
  86  6:01  Zerg Missile Weapons Level 1, Zerg Ground Armor Level 1  
  90  6:09  Infestor  
  90  6:10  Infestor x2  
  96  6:14  Drone x2  
  96  6:16  Hatchery  
  97  6:19  Spore Crawler, Drone  
  97  6:21  Zergling x2  
  97  6:22  Spore Crawler  
  97  6:25  Drone  
  97  6:26  Drone, Hydralisk  
  97  6:27  Hydralisk x2  
  105  6:36  Overlord  
  105  6:38  Hydralisk x2  
  109  6:44  Overlord x2  
  109  6:46  Drone x2  
  107  6:47  Overlord  
  107  6:48  Overseer  
  107  6:50  Drone x2  
  108  6:56  Overlord  
  108  6:58  Hydralisk x2  
  112  7:04  Hydralisk x3  
  118  7:09  Drone  
  118  7:13  Zergling x2  
  118  7:14  Spine Crawler x2  
  118  7:22  Queen  
  119  7:26  Lurker x4  
  119  7:27  Zergling x2  
  119  7:28  Zergling x6  
  119  7:29  Zergling x2  
  124  7:32  Zergling x2  
  124  7:33  Lurker, Hydralisk  
  124  7:35  Muscular Augments  
  124  7:36  Hydralisk x4  
  135  7:44  Roach Warren, Hydralisk  
  135  7:45  Lurker  
  135  7:49  Zergling x4  
  135  7:50  Hydralisk x2, Zergling x2  
  142  7:56  Spore Crawler  
  141  7:59  Spine Crawler  
  141  8:00  Spine Crawler  
  141  8:01  Lurker x2  
  141  8:06  Overlord  
  141  8:08  Hydralisk x2  
  145  8:15  Hydralisk  
  145  8:16  Hydralisk x2  
  151  8:26  Hydralisk x2  
  152  8:39  Hydralisk  
  152  8:41  Hydralisk x3  
  153  8:42  Zergling x2  
  153  8:44  Overlord  
  160  8:48  Spine Crawler  
  160  8:49  Lurker  
  160  8:52  Overlord  
  160  8:53  Overlord x2  
  160  8:54  Overlord, Pneumatized Carapace  
  160  8:55  Overseer x3  
  160  8:59  Hydralisk  
  159  9:03  Hydralisk  
  160  9:10  Hydralisk x2  
  164  9:21  Hydralisk x3  
  164  9:22  Hydralisk  
  164  9:23  Hydralisk  
  172  9:35  Hydralisk  
  172  9:36  Hydralisk  
  169  9:42  Hydralisk, Zergling x2  
  169  9:43  Hydralisk  
  169  9:46  Zergling x4  
  169  9:47  Zergling x2  
  169  9:48  Zergling x4  
  161  9:54  Hydralisk x2  
  161  9:57  Lurker x2  
  161  9:58  Zergling x2  
  161  9:59  Hydralisk x2  
  148  10:03  Zergling x4  
  148  10:04  Zergling x4  
  148  10:05  Zergling x4  
  148  10:06  Zergling x2  
  153  10:08  Zergling x4  
  153  10:13  Roach  
  147  10:18  Zergling x2  
  147  10:19  Queen, Zergling x4  
  146  10:26  Lurker x4  
  149  10:33  Hydralisk x5  
  149  10:34  Queen x2  
  152  10:36  Lurker x2  
  152  10:41  Hydralisk x2  
  157  10:45  Hydralisk  
  157  10:48  Hydralisk  
  151  10:52  Hydralisk  
  151  10:56  Hydralisk  
  147  10:57  Hydralisk  
  147  11:00  Hydralisk  
  139  11:04  Hydralisk  
  139  11:09  Zergling x2  
  131  11:15  Hydralisk  
  131  11:16  Hydralisk  
  135  11:21  Roach  
  135  11:22  Roach  
  135  11:24  Hive  
  136  11:26  Extractor  
  136  11:27  Drone, Extractor  
  136  11:29  Hydralisk, Roach x2  
  135  11:36  Zerg Missile Weapons Level 2  
  135  11:38  Drone  
  135  11:39  Drone x4  
  134  11:42  Roach x2  
  134  11:46  Zergling x2  
  134  11:47  Zergling x20  
  145  11:48  Lurker  
  145  11:51  Zergling x2  
  145  11:52  Hatchery, Lurker  
  151  11:58  Drone, Hydralisk x3  
  152  12:01  Zerg Melee Weapons Level 1  
  152  12:02  Zergling x2  
  150  12:08  Roach  
  150  12:09  Zergling x2  
  150  12:10  Roach x2  
  150  12:11  Roach  
  150  12:13  Hydralisk x2  
  150  12:15  Roach x2  
  156  12:19  Lurker x3  
  156  12:20  Zergling x4  
  158  12:25  Drone  
  160  12:30  Lurker x2  
  160  12:36  Zergling x4  
  163  12:39  Zergling x6  
  163  12:40  Ultralisk Cavern  
  163  12:43  Drone x2  
  163  12:44  Drone  
  168  12:45  Zergling x2  
  168  12:47  Adrenal Glands  
  169  12:55  Lurker  
  169  12:56  Lurker  
  169  12:57  Roach  
  171  13:00  Zergling x4  
  171  13:01  Zergling x2  
  171  13:03  Lurker  
  175  13:06  Roach  
  175  13:11  Roach x3  
  182  13:13  Roach  
  182  13:16  Hydralisk  
  181  13:20  Overlord  
  181  13:22  Lurker  
  181  13:25  Overlord  
  182  13:30  Overlord x2  
  182  13:32  Overlord  
  182  13:33  Chitinous Plating  
  181  13:35  Overlord  
  181  13:38  Ultralisk x2  
  181  13:39  Overlord  
  195  13:48  Ultralisk  
  195  13:52  Zerg Ground Armor Level 2  
  192  13:59  Ultralisk  
  195  14:03  Zergling x2  
  195  14:04  Zergling x10  
  200  14:12  Overlord  
  197  14:19  Spore Crawler, Lurker  
  197  14:20  Lurker x3  
  197  14:21  Lurker  
  197  14:22  Spore Crawler  
  199  14:33  Lurker  
  200  14:40  Zerg Melee Weapons Level 2  
  198  15:03  Lurker x2  
  197  15:16  Spore Crawler  
  197  15:17  Spore Crawler  
  197  15:20  Spine Crawler x2  
  193  15:28  Ultralisk  
  199  15:29  Pathogen Glands  
  199  15:32  Drone  
  199  15:34  Spire, Extractor  
  199  15:35  Extractor  
  196  15:46  Ultralisk  
  196  15:47  Ultralisk  
  199  15:52  Ultralisk  
  199  15:56  Spine Crawler, Hydralisk x3  
  197  15:57  Spine Crawler  
  197  16:06  Ultralisk  
  197  16:07  Hydralisk  
  197  16:08  Zerg Missile Weapons Level 3  
  171  16:13  Zergling x2  
  171  16:18  Drone  
  171  16:19  Drone  
  171  16:20  Drone  
  133  16:36  Zergling x2  
  133  16:37  Zergling x42  
  148  16:40  Lurker x2  
  148  16:41  Lurker  
  148  16:44  Lurker  
  150  16:50  Zergling x2  
  150  17:01  Hydralisk  
  129  17:16  Hydralisk x3  
  126  17:25  Zergling x2  
  126  17:27  Zergling x2  
  126  17:28  Zergling x32  
  126  17:29  Zergling x4  
  130  17:32  Zergling x4  
  114  17:37  Hydralisk  
  114  17:38  Hydralisk  
  114  17:40  Lurker  
  117  17:48  Lurker x3  
  120  17:51  Greater Spire  
  120  18:04  Spore Crawler  
  118  18:06  Hydralisk  
  118  18:10  Hydralisk  
  119  18:13  Hydralisk  
  119  18:18  Hatchery  
  119  18:20  Lurker  
  119  18:21  Lurker  
  119  18:31  Corruptor x2  
  119  18:33  Lurker  
  114  18:59  Corruptor  
  115  19:11  Corruptor  
  117  19:21  Hatchery  
  116  19:32  Brood Lord  
  118  19:39  Overseer x2  
  118  19:47  Brood Lord  
  120  19:56  Zergling x2  
  120  19:58  Zergling x2  
  121  20:00  Zergling x2  
  121  20:01  Zergling x4  
  121  20:04  Zergling x2  
  121  20:05  Zergling x2  
  122  20:16  Brood Lord  
  122  20:18  Zergling x2  
  122  20:19  Zergling x4  
  127  20:22  Zergling x4  
  127  20:23  Zergling x2  
  127  20:25  Zergling x2  
  131  20:30  Zergling x2  
  132  20:38  Corruptor  
Tags
 
Add a new tag
Caveats
  • Supply blocks, unpowered buildings, or Contaminate may cause inaccurate times.
  • Supply counts are checked every 10 seconds.